 Dungeon Crawl Stone Soup version 0.20.1-1-g8b1a95d (webtiles) character file.

44 tidbits the Caller (level 3, -2/29 HPs)
             Began as a Demigod Wanderer on Aug 22, 2017.
             Slain by an orc
             ... wielding a +0 hand axe
              (5 damage)
             ... on level 4 of the Dungeon.
             The game lasted 00:04:46 (520 turns).

tidbits the Caller (Demigod Wanderer)                Turns: 520, Time: 00:04:47

Health: -2/29      AC:  2    Str: 19    XL:     3   Next: 23%
Magic:  6/6        EV: 12    Int: 17    God:
Gold:   47         SH:  0    Dex: 17    Spells: 3/4 levels left

rFire    . . .     SeeInvis .   a - +2 falchion
rCold    . . .     Gourm    .   (no shield)
rNeg     . . .     Faith    .   d - +0 robe
rPois    .         Spirit   .   (no helmet)
rElec    .         Reflect  .   (no cloak)
rCorr    .         Harm     .   (no gloves)
MR       .....                  (no boots)
Stlth    ++........             e - amulet of magic regeneration
Regen    0.1/turn               (no ring)
MPRegen  0.2/turn               (no ring)

@: mighty, flying
A: high mp 1
a: no special abilities


You were on level 4 of the Dungeon.
You were not hungry.

You visited 1 branch of the dungeon, and saw 4 of its levels.

You collected 47 gold pieces.

Inventory:

Hand Weapons
 a - a +2 falchion (weapon)
Missiles
 h - 13 arrows
Armour
 d - a +0 robe (worn)
Jewellery
 e - an amulet of magic regeneration (around neck)
   (You found it on level 1 of the Dungeon)
Scrolls
 g - 2 scrolls of amnesia {unknown}
 k - a scroll of identify {unknown}
 l - a scroll of recharging {unknown}
Potions
 c - 2 potions of lignification
Books
 b - the Volume of the Escort

   Spells                             Type                      Level
   a - Summon Small Mammal            Summoning                    1
   b - Summon Guardian Golem          Hexes/Summoning              3
Comestibles
 f - a bread ration
 i - a meat ration


   Skills:
 - Level 1.7 Fighting
 - Level 1.7 Long Blades
 - Level 1.7 Throwing
 - Level 1.0 Dodging
 - Level 1.0 Spellcasting
 + Level 2.8 Summonings
   Level 1.7 Earth Magic


You had 3 spell levels left.
You knew the following spells:

 Your Spells              Type           Power        Failure   Level  Hunger
z - Summon Small Mammal   Summ           ##..         7%          1    ##.....


Dungeon Overview and Level Annotations

Branches:
Dungeon (4/15)
 Temple: D:4-7


Innate Abilities, Weirdness & Mutations

You have an increased reservoir of magic. (+10% MP)


Message History

You are no longer poisoned.
Found a whip.
You see here a whip.
Found a white marble altar of Elyvilon.
Found 23 stones.
A bat comes into view.
Found 12 gold pieces.
Casting: Summon Small Mammal
Confirm with . or Enter, or press ? or * to list all spells.
The bat closely misses you. The bat barely misses your bat.
Your bat closely misses the bat.
The bat misses you.
You closely miss the bat.
Your bat hits the bat but does no damage.
The bat hits you but does no damage.
Your bat closely misses the bat.
The bat barely misses you.
You hit the bat.
You kill the bat!
You now have 47 gold pieces (gained 12).
A worm comes into view.
The worm barely misses you.
Found a stone staircase leading down.
You hit the worm.
The worm is lightly wounded.
Your bat disappears in a puff of smoke!
The worm bites you!
There is a stone staircase leading down here.
You climb downwards.
A hobgoblin comes into view. It is wielding a club.
There is a stone staircase leading up here.
Found a scroll labeled ICUETS OKITRA.
The helpless hobgoblin fails to defend itself.
You hit the hobgoblin but do no damage. The hobgoblin hits you with a club.
You hit the hobgoblin.
The hobgoblin is almost dead.
The hobgoblin hits you with a club.
* * * LOW HITPOINT WARNING * * *
You hit the hobgoblin.
You kill the hobgoblin!
g - 2 scrolls labeled ICUETS OKITRA (gained 1)
Found a potion of lignification.
An orc comes into view. It is wielding a hand axe of draining.
An orc comes into view. It is wielding a flail.
The orc shouts!
Found a long sword.
Found a stone staircase leading down.
You see here a potion of lignification.
c - 2 potions of lignification (gained 1)
Casting: Summon Small Mammal
Confirm with . or Enter, or press ? or * to list all spells.
The orc completely misses your bat.
A goblin comes into view.
Your bat hits the orc but does no damage.
Your bat hits the orc. Your bat misses the goblin. x2
Your bat hits the goblin.
An orc comes into view. It is wielding a hand axe.
The orc shouts!
An orc comes into view.
There is a stone staircase leading down here.
Your bat hits the orc but does no damage.
You climb downwards.
A giant cockroach and 4 orcs come into view.
The orc shouts! x3
Found an escape hatch in the floor.
There is a stone staircase leading up here.
The orc closely misses you.
Found a bread ration.
A worm comes into view.
The orc hits you with a hand axe.
* * * LOW HITPOINT WARNING * * *
Found a stone staircase leading down.
The giant cockroach bites you.
* * * LOW HITPOINT WARNING * * *
The giant cockroach barely misses you.
Found a robe.
The giant cockroach waves its antennae.
Casting: Summon Small Mammal
Confirm with . or Enter, or press ? or * to list all spells.
The giant cockroach misses you.
You riposte.
You hit the giant cockroach.
The giant cockroach is moderately wounded.
You hit the giant cockroach.
You kill the giant cockroach!
You hit the orc.
The orc is heavily wounded.
The orc closely misses you. The orc closely misses your rat.
Your rat barely misses the orc.
The orc hits you with a hand axe.
* * * LOW HITPOINT WARNING * * *
The orc barely misses your rat.
You slash the orc!
You kill the orc!
It was a potion of flight.
You feel very buoyant.
You fly up into the air.
The orc barely misses you.
You riposte.
You hit the orc but do no damage. The orc hits your rat with a hand axe.
Your rat dies!
Your rat's corpse disappears in a puff of smoke!
It was a potion of might.
You feel very mighty all of a sudden. The orc hits you with a hand axe.
You die...

.# .... .# ..>..
.# ..... .#
.....# ###.####..
....... #........
........##%...#
..........#o@[.#
..........o#####
............#
............#
.........oo.#
...........####.
...........>....#
.......<....###w.
............#


You could see 2 orcs.

Vanquished Creatures
  2 adders (D:2)
  An orc (D:4)
  A ball python (D:2)
  2 bats
  2 giant cockroaches
  3 hobgoblins
  3 jackals (D:1)
  A kobold (D:1)
  A frilled lizard (D:2)
  3 goblins
  3 rats
22 creatures vanquished.

Vanquished Creatures (collateral kills)
  2 hobgoblins (D:1)
2 creatures vanquished.

Vanquished Creatures (others)
  A kobold (D:3)
1 creature vanquished.

Grand Total: 25 creatures vanquished

Notes
Turn   | Place    | Note
-------+----------+-------------------------------------------
     0 | D:1      | tidbits the Demigod Wanderer began the quest for the Orb.
     0 | D:1      | tidbits set off with: a +2 falchion, the Volume of the Escort, a potion of lignification, a +0 robe, a bread ration
     0 | D:1      | Reached XP level 1. HP: 17/17 MP: 4/4
     0 | D:1      | Identified the Volume of the Escort
     2 | D:1      | Learned a level 1 spell: Summon Small Mammal
    14 | D:1      | Reached skill level 1 in Summonings
   122 | D:1      | Reached XP level 2. HP: 20/24 MP: 3/5
   253 | D:2      | Reached skill level 2 in Summonings
   303 | D:2      | Found an ancient bone altar of Kikubaaqudgha.
   377 | D:2      | Reached XP level 3. HP: 20/29 MP: 4/6
   430 | D:2      | Found a white marble altar of Elyvilon.
   520 | D:4      | Slain by an orc

Skill      XL: |  1  2 |
---------------+-------+-----
Summonings     | 1 2 |  2.8
Fighting       | |  1.7
Long Blades    | |  1.7
Throwing       | |  1.7
Dodging        | |  1.0
Spellcasting   | |  1.0
Earth Magic    | |  1.7

Action                   || total
-------------------------++-------
Melee: Falchion          ||    50
 Cast: Summon Small Mamm ||    13
  Use: Potion            ||     2
 Stab: Sleeping          ||     1
Armor: Robe              ||     9
Dodge: Dodged            ||    35
       Rpst.: Falchion   ||    15

Table legend:
 A = Turns spent in this place as a percentage of turns spent in the entire game.
 B = Non-inter-level travel turns spent in this place as a percentage of non-inter-level travel turns spent in the entire game.
 C = Inter-level travel turns spent in this place as a percentage of turns spent in this place.
 D = Turns resting spent in this place as a percentage of non-inter-level travel turns spent in this place.
 E = Turns spent auto-exploring this place as a percentage of non-inter-level travel turns spent in this place.
 F = Non-inter-level travel turns spent in this place divided by the number of levels of this place that you've seen.
                   A       B       C       D       E      F
               +-------+-------+-------+-------+-------+----------------------
         Total | 100.0 | 100.0 |   0.0 |   0.0 |   0.0 | 116.2
       Dungeon | 100.0 | 100.0 |   0.0 |   0.0 |   0.0 | 116.2
               +-------+-------+-------+-------+-------+----------------------

Table legend:
 A = Kills in this place as a percentage of kills in entire the game.
 B = Kills by you in this place as a percentage of kills by you in the entire game.
 C = Kills by friends in this place as a percentage of kills by friends in the entire game.
 D = Other kills in this place as a percentage of other kills in the entire game.
 E = Experience gained in this place as a percentage of experience gained in the entire game.
 F = Experience gained in this place divided by the number of levels of this place that you have seen.
                   A       B       C       D       E      F
               +-------+-------+-------+-------+-------+----------------------
         Total | 100.0 | 100.0 | 100.0 |  -nan | 100.0 |  16.0
       Dungeon | 100.0 | 100.0 | 100.0 |  -nan | 100.0 |  16.0
               +-------+-------+-------+-------+-------+----------------------

Vault maps used:
D:1:      dpeg_arrival_tiny_i, st_stairs_10
D:2:      nicolae_overflow_crystal_walls, elyvilon_altar_3
D:3:      fiery_altar_vehumet, lemuel_crystal_altar, first_bread,
          small_statue_intersection
D:4:      serial_shops, nicolae_shop_trees
